 Dungeon Crawl Stone Soup version 0.29.0-4-gdea44cf6ec (webtiles) character file.

Game seed: 10804663355384322885

32 qw the Chopper (level 3, -1/21 HPs)
             Began as a Tengu Warper on Aug 28, 2022.
             Succumbed to their own poison gas
             ... on level 1 of the Dungeon.
             The game lasted 00:00:07 (1007 turns).

qw the Chopper (Tengu Warper)                       Turns: 1007, Time: 00:00:08

Health: -1/21      AC:  5    Str: 13    XL:     3   Next: 27%
Magic:  7/7        EV: 11    Int: 13    God:
Gold:   37         SH:  0    Dex: 13    Spells: 6/6 levels left

rFire   . . .      SeeInvis .   Y - +0 hand axe (flame)
rCold   . . .      Faith    .   (no shield)
rNeg    . . .      Spirit   .   e - +0 ring mail
rPois   .          Reflect  .   (helmet restricted)
rElec   .          Harm     .   (no cloak)
rCorr   .          Rampage  .   (no gloves)
Will    .....                   (boots unavailable)
Stlth   +.........              (no amulet)
HPRegen 0.07/turn               (no ring)
MPRegen 0.10/turn               (no ring)

@: lethally poisoned (-1 -> -12)
A: beak, talons 3
a: no special abilities


You were on level 1 of the Dungeon.
You visited 1 branch of the dungeon, and saw 1 of its levels.

You collected 37 gold pieces.


Innate Abilities, Weirdness & Mutations

You have a beak for a mouth.
You have claws for feet.


   Skills:
 - Level 2.0 Fighting
 + Level 4.0 Axes
 - Level 1.0 Throwing
 - Level 1.1 Armour
 - Level 2.1 Dodging
 - Level 2.0 Spellcasting
 - Level 2.4 Translocations


You had 6 spell levels left.
You didn't know any spells.
Your spell library contained the following spells:

 Spells                   Type           Power      Damage    Failure   Level
 Blink                    Tloc           14%        N/A       30%         2
 Gell's Gravitas          Tloc           7%         N/A       52%         3
 Lesser Beckoning         Tloc           7%         N/A       52%         3
 Teleport Other           Tloc           7%         N/A       52%         3
 Manifold Assault         Tloc           7%         N/A       99%         5

Inventory:

Hand Weapons
 Y - a +0 hand axe of flaming (weapon)
Armour
 e - a +0 ring mail (worn)
Potions
 f - a potion of might {unknown}
 j - a potion of heal wounds {unknown}

Dungeon Overview and Level Annotations

Branches:
Dungeon (1/15)

Altars:


Message History

998 ||| READING scroll labelled PUCVOMEOCI.
As you read the scroll labelled PUCVOMEOCI, it crumbles to dust.
The air around you briefly surges with heat, but it dissipates.
It was a scroll of immolation.
Done exploring.
999 ||| READING scroll labelled LEOBBO RESM.
As you read the scroll labelled LEOBBO RESM, it crumbles to dust.
It is a scroll of amnesia.
You feel forgetful for a moment.
Done exploring.
1000 ||| READING scroll labelled BUDUBA QIOC.
As you read the scroll labelled BUDUBA QIOC, it crumbles to dust.
It is a scroll of brand weapon.
Your +0 hand axe is engulfed in flames!
Y - a +0 hand axe of flaming (weapon)
1001 ||| DROPPING +0 mace.
You drop a +0 mace.
Done exploring.
1002 ||| READING scroll labelled DIYTE CEFA.
As you read the scroll labelled DIYTE CEFA, it crumbles to dust.
It is a scroll of enchant armour.
Really abort (and waste the scroll)?
Done exploring.
1003 ||| DROPPING scroll of blinking.
You drop a scroll of blinking.
Done exploring.
(D) Dungeon
Where to? (* - list waypoints, ? - help)
What level of the Dungeon? (default 1, ? - help) Sorry, I don't know how to get there.
Done exploring.
1004 ||| Stepping randomly (stuck).
Really walk into that cloud of poison gas?
You are engulfed in poison gas.
You are lethally poisoned!
You feel very sick.
1005 ||| Stepping ~*~*~tactically~*~*~ (cloud).
You feel very sick.
Things that are here:
a scroll of blinking; a +0 mace
There is a lethal amount of poison in your body!
You feel very sick.
There is a lethal amount of poison in your body!
You die...

.....# ##..........)..##.#####
###########...........##.........
#........####¤#0..#.##.#####
#.####......000.....##.# ##.#
#.#####¤¤##.......# #..#
#.##...000..##.#### #.##
#.##.##¤¤##.##.# #.#
#¤##¤##¤#.#.#.## #.#
#000¤.@0##.....#
###.######0¤0¤0#######.# #......#
#¤..00# #.# #.#.##.# #00¤¤¤# #.#
#.#.##.# #00¤¤0# ####.####
#...##.# #00000# #.......#
#..###.# ####### #..#.#..#
#..###.# #..#.#..# #......# ###
#....#..#


There were no monsters in sight!

Vanquished Creatures
  A dart slug (D:1)
  4 bats (D:1)
  5 endoplasms (D:1)
  A giant cockroach (D:1)
  5 goblins (D:1)
  A hobgoblin (D:1)
  5 kobolds (D:1)
  A frilled lizard (D:1)
  4 rats (D:1)
27 creatures vanquished.

Notes
Turn   | Place    | Note
-------+----------+-------------------------------------------
     0 | D:1      | qw the Tengu Warper began the quest for the Orb.
     0 | D:1      | Reached XP level 1. HP: 12/12 MP: 4/4
     0 | D:1      | 0 ||| qw: Version: 0.1-a-89-g26bdef1
     0 | D:1      | 0 ||| qw: Game counter: 3110
     0 | D:1      | 0 ||| qw: Always use a shield: true
     0 | D:1      | 0 ||| qw: God list: Okawaru
     0 | D:1      | 0 ||| qw: Allow faded altars: false
     0 | D:1      | 0 ||| qw: Do Orc after D:15 true
     0 | D:1      | 0 ||| qw: Do second Lair branch before Depths: true
     0 | D:1      | 0 ||| qw: Lair rune preference: random
     0 | D:1      | 0 ||| qw: Plans: Normal
     0 | D:1      | 0 ||| PLANNING D:1-11
   142 | D:1      | Reached skill level 3 in Axes
   142 | D:1      | Reached XP level 2. HP: 17/17 MP: 6/6
   176 | D:1      | 176 ||| Stepping ~*~*~tactically~*~*~ (stealth).
   186 | D:1      | 186 ||| Stepping ~*~*~tactically~*~*~ (stealth).
   410 | D:1      | Found a faded altar of an unknown god.
   418 | D:1      | 418 ||| Stepping ~*~*~tactically~*~*~ (stealth).
   438 | D:1      | 438 ||| Stepping ~*~*~tactically~*~*~ (hiding).
   551 | D:1      | 551 ||| UPGRADING to +0 ring mail.
   577 | D:1      | 577 ||| DROPPING +0 leather armour.
   586 | D:1      | 586 ||| DROPPING +0 club.
   587 | D:1      | 587 ||| READING scroll labelled BOR SITO KIXY.
   588 | D:1      | 588 ||| READING scroll labelled GECLALICWA.
   683 | D:1      | Reached XP level 3. HP: 21/21 MP: 7/7
   965 | D:1      | Reached skill level 4 in Axes
   997 | D:1      | 997 ||| READING scroll labelled BOSHIE VOOT.
   998 | D:1      | 998 ||| READING scroll labelled PUCVOMEOCI.
   999 | D:1      | 999 ||| READING scroll labelled LEOBBO RESM.
  1000 | D:1      | 1000 ||| READING scroll labelled BUDUBA QIOC.
  1001 | D:1      | 1001 ||| DROPPING +0 mace.
  1002 | D:1      | 1002 ||| READING scroll labelled DIYTE CEFA.
  1003 | D:1      | 1003 ||| DROPPING scroll of blinking.
  1004 | D:1      | 1004 ||| Stepping randomly (stuck).
  1005 | D:1      | 1005 ||| Stepping ~*~*~tactically~*~*~ (cloud).
  1005 | D:1      | HP: 4/21 [poisoned by you (poison gas)]
  1006 | D:1      | HP: 1/21 [poisoned by you (poison gas)]
  1007 | D:1      | Succumbed to their own poison gas

Levels and vault maps discovered:
D:1:      dpeg_arrival_pits, layout_loops_cross,
          hellmonk_ecumenical_altar_heavens_door, hangedman_glass_teeth

Skill      XL: |  1  2  3 |
---------------+----------+-----
Axes           | 3 4 |  4.0
Fighting       | |  2.0
Throwing       | |  1.0
Armour         | |  1.1
Dodging        | |  2.1
Spellcasting   | |  2.0
Translocations | |  2.4

Action                   || total
-------------------------++-------
Melee: Hand axe          ||    45
       Kick              ||    13
       Peck              ||     3
       Punch             ||     1
Throw: Boomerang         ||     7
  Use: Scroll            ||     7
Armor: Leather armour    ||     4
       Ring mail         ||     4
Dodge: Dodged            ||    23

Table legend:
 A = Non-vault XP
 B = Vault XP
 C = Vault XP percentage of total XP
 D = Non-vault monster count
 E = Vault monster count
 F = Vault count percentage of total count
                 A         B        C        D         E       F
            +---------+---------+-------+---------+---------+-------
      Total |      47 |       0 |   0.0 |      27 |       0 |   0.0
            +---------+---------+-------+---------+---------+-------
        D:1 |      47 |       0 |   0.0 |      27 |       0 |   0.0
            +---------+---------+-------+---------+---------+-------
